 Dungeon Crawl Stone Soup version 0.21.1-1-g345015fe64 (webtiles) character file.

401 Gargoyl the Skirmisher (level 6, 0/52 HPs)
             Began as a Centaur Abyssal Knight on May 14, 2018.
             Was a Believer of Lugonu.
             Slain by Grinder (6 damage)
             ... on level 4 of the Dungeon.
             The game lasted 00:05:26 (3419 turns).

Gargoyl the Skirmisher (Centaur Abyssal Knight)     Turns: 3419, Time: 00:05:27

Health: 0/52       AC:  5    Str: 17    XL:     6   Next: 54%
Magic:  8/8        EV:  9    Int: 11    God:    Lugonu [**....]
Gold:   159        SH:  0    Dex: 10    Spells: 5/5 levels left

rFire    + . .     SeeInvis .   a - +1 hand axe
rCold    . . .     Gourm    .   (no shield)
rNeg     . . .     Faith    .   b - +1 leather armour
rPois    .         Spirit   .   (no helmet)
rElec    .         Reflect  .   (no cloak)
rCorr    .         Harm     .   (no gloves)
MR       .....                  (no barding)
Stlth    ..........             (no amulet)
HPRegen  0.17/turn              e - +2 ring of strength
MPRegen  0.11/turn              k - ring of protection from fire

@: hasted, very quick
A: large, hooves 3, deformed body, speed 2, tough skin 3
a: Depart the Abyss, Bend Space, Renounce Religion


You were on level 4 of the Dungeon.
You worshipped Lugonu.
Lugonu was pleased with you.
You were not hungry.

You visited 1 branch of the dungeon, and saw 4 of its levels.
You visited the Abyss 1 time.

You collected 159 gold pieces.

Inventory:

Hand Weapons
 a - a +1 hand axe (weapon)
Missiles
 n - 8 javelins (quivered)
Armour
 b - a +1 leather armour (worn)
Jewellery
 e - a +2 ring of strength (left hand)
 k - a ring of protection from fire (right hand)
Wands
 g - a wand of scattershot (5)
Scrolls
 i - a scroll of magic mapping {unknown}
 j - 2 scrolls of enchant armour
Potions
 d - 2 potions of curing
 h - 2 potions of heal wounds
 l - a potion of might {unknown}
 m - a potion of flight {unknown}
Comestibles
 c - 5 rations


   Skills:
 + Level 4.3 Fighting
 + Level 3.8 Axes
 * Level 2.8 Armour
 + Level 1.4 Dodging
 * Level 3.4 Invocations


You had 5 spell levels left.
You didn't know any spells.

Dungeon Overview and Level Annotations

Branches:
Dungeon (4/15)
 Temple: D:4-7

Altars:
Fedhas

Annotations:
D:4 Grinder


Innate Abilities, Weirdness & Mutations

You have hooves in place of feet.
Armour fits poorly on your strangely shaped body.
You cover ground very quickly.
You have extremely tough skin. (AC +3)


Message History

Grinder is severely wounded.
Grinder barely misses you.
You hit Grinder.
Grinder is severely wounded.
Grinder gestures at you. Pain shoots through your body!
You barely miss Grinder. You kick Grinder.
Grinder is severely wounded.
You closely miss Grinder.
Grinder is severely wounded.
Grinder hits you!
* * * LOW HITPOINT WARNING * * *
You writhe in agony.
* * * LOW HITPOINT WARNING * * *
You barely miss Grinder.
Grinder is severely wounded.
Grinder hits you.
* * * LOW HITPOINT WARNING * * *
You writhe in agony.
You die...

## ######> #......
#.####.
############.# ##
#####.5..........#
#
#....@############
# #.###.# # #.# #
#.# # #)# # #.# #
........# #
.#.#.##.# # # ...
#


You could see Grinder.

Vanquished Creatures
  A sky beast (D:3)
  A scorpion (D:4)
  A howler monkey (D:4)
  An orc priest (D:3)
  An orc wizard (D:3)
  An iron imp (Abyss:1)
  3 adders
  A white imp (Abyss:1)
  4 worms
  A dart slug (D:1)
  A leopard gecko (D:3)
  8 orcs
  5 bats
  3 giant cockroaches
  8 goblins
  8 hobgoblins
  10 jackals
  8 kobolds
  2 quokkas
  9 frilled lizards
  10 rats
87 creatures vanquished.

Notes
Turn   | Place    | Note
-------+----------+-------------------------------------------
     0 | Abyss:1  | Gargoyl the Centaur Abyssal Knight began the quest for the Orb.
     0 | Abyss:1  | Reached XP level 1. HP: 19/19 MP: 2/2
    58 | Abyss:1  | Noticed an iron imp
    63 | Abyss:1  | Killed an iron imp
    63 | Abyss:1  | Reached XP level 2. HP: 23/27 MP: 3/3
    89 | Abyss:1  | Noticed an ice devil
    93 | Abyss:1  | Noticed a ynoxinul
   106 | Abyss:1  | Reached XP level 3. HP: 8/33 MP: 4/4
   107 | D:1      | Escaped the Abyss
   633 | D:1      | Reached * piety under Lugonu
  1265 | D:2      | Reached XP level 4. HP: 38/40 MP: 5/5
  1470 | D:2      | Reached skill level 4 in Fighting
  1594 | D:2      | Reached ** piety under Lugonu
  1757 | D:2      | Reached skill level 1 in Dodging
  1787 | D:3      | Found a faded altar of an unknown god.
  2110 | D:3      | Noticed a sky beast
  2117 | D:3      | Killed a sky beast
  2117 | D:3      | Reached XP level 5. HP: 8/46 MP: 5/7
  2443 | D:3      | Reached XP level 6. HP: 28/52 MP: 8/8
  2666 | D:3      | Found a blossoming altar of Fedhas.
  3381 | D:4      | Noticed Grinder
  3419 | D:4      | Slain by Grinder

Skill      XL: |  1  2  3  4 |
---------------+-------------+-----
Axes           | 2 3 |  3.8
Fighting       | 4 |  4.3
Armour         | 2 |  2.8
Dodging        | 1 |  1.4
Invocations    | 3 |  3.4

Action                   |  1- 3 |  4- 6 || total
-------------------------+-------+-------++-------
Melee: Hand axe          |    82 |   173 ||   255
       Kick              |    21 |    36 ||    57
Invok: Depart the Abyss  |     1 |       ||     1
  Use: Potion            |     1 |     1 ||     2
       Scroll            |     4 |     2 ||     6
  Eat: Ration            |     1 |     1 ||     2
       Chunk             |       |     2 ||     2
Armor: Leather armour    |    23 |    94 ||   117
Dodge: Dodged            |    48 |    87 ||   135
